 Dungeon Crawl Stone Soup version 0.22.1-6-g1668fe2 (webtiles) character file.

6438 Fang the Cleaver (level 10, -1/97 HPs)
             Began as a Gargoyle Berserker on Jan 28, 2019.
             Was an Elder of Trog.
             Slain by Snorg (9 damage)
             ... on level 10 of the Dungeon on Jan 29, 2019.
             The game lasted 00:13:30 (9261 turns).

Fang the Cleaver (Gargoyle Berserker)               Turns: 9261, Time: 00:13:30

Health: -1/97      AC: 27    Str: 30    XL:     10   Next: 99%
Magic:  10/10      EV:  9    Int:  9    God:    Trog [****..]
Gold:   580        SH:  0    Dex:  9    Spells: 9/9 levels left

rFire    + . .     SeeInvis .   z - +0 war axe (freeze)
rCold    x . .     Gourm    .   (no shield)
rNeg     + + .     Faith    .   p - +0 plate armour
rPois    ∞         Spirit   .   h - +2 hat
rElec    +         Reflect  .   D - +2 cloak
rCorr    .         Harm     .   I - +0 pair of gloves (curse)
MR       .....                  (no boots)
Stlth    ..........             (no amulet)
HPRegen  0.26/turn              G - ring "Ydghorph Zaage" {Fire +Fly rN+ Int+2}
MPRegen  0.12/turn              n - +1 ring of slaying

@: berserking, flying, very quick
A: negative energy resistance 1, electricity resistance, unbreathing,
petrification resistance, rot immunity, AC +7
a: Berserk, Trog's Hand, Brothers in Arms, Renounce Religion


You were on level 10 of the Dungeon.
You worshipped Trog.
Trog was greatly pleased with you.
You were near starving.

You visited 2 branches of the dungeon, and saw 11 of its levels.

You collected 580 gold pieces.

Inventory:

Hand Weapons
 x - a +0 war axe
 z - a +0 war axe of freezing (weapon)
Armour
 h - a +2 hat (worn)
 p - a +0 plate armour (worn)
 D - a +2 cloak (worn)
 I - a cursed +0 pair of gloves (worn)
Jewellery
 m - an uncursed ring of magical power
 n - a +1 ring of slaying (right hand)
 q - an uncursed ring of protection from fire
 G - the ring "Ydghorph Zaage" (left hand) {Fire +Fly rN+ Int+2}
   (You found it on level 9 of the Dungeon)

   [ring of fire]

   It enhances your fire magic.
   It affects your intelligence (+2).
   It protects you from fire.
   It makes you vulnerable to cold.
   It protects you from negative energy.
   It lets you fly.
Wands
 r - a wand of enslavement (14)
 y - a wand of acid (9)
 F - a wand of disintegration (19)
 H - a wand of scattershot (4)
Scrolls
 d - 9 scrolls of remove curse {unknown}
 e - 6 scrolls of identify {unknown}
 g - 2 scrolls of enchant weapon {unknown}
 j - 4 scrolls of blinking {unknown}
 o - 2 scrolls of fog {unknown}
 t - a scroll of immolation {unknown}
 u - 4 scrolls of magic mapping {unknown}
 A - 2 scrolls of teleportation {unknown}
 B - a scroll of random uselessness {unknown}
 C - 2 scrolls of amnesia {unknown}
Potions
 a - 2 potions of heal wounds {unknown}
 b - 5 potions of curing {unknown}
 f - a potion of cancellation {unknown}
 i - 2 potions of flight
 k - 2 potions of might {unknown}
 l - 2 potions of agility {unknown}
 s - 2 potions of berserk rage {unknown}
 v - 2 potions of lignification {unknown}
 w - 2 potions of brilliance {unknown}
 E - a potion of invisibility {unknown}
Comestibles
 c - 18 rations


   Skills:
 + Level 8.7 Fighting
 + Level 11.7 Axes
 + Level 7.5 Armour
 + Level 2.8 Dodging
 + Level 1.2 Stealth


You had 9 spell levels left.
You didn't know any spells.
Your spell library was empty.

Dungeon Overview and Level Annotations

Branches:
Dungeon (10/15)            Temple (1/1) D:4
   Lair: D:8-11         Orc: D:9-12

Altars:
Cheibriados
Dithmenos
Elyvilon
Kikubaaqudgha
Okawaru
Qazlal
Trog
Vehumet
Xom
Yredelemnul
The Shining One

Shops:
D:4 =

Annotations:
D:10 Snorg


Innate Abilities, Weirdness & Mutations

You are resistant to torment.
Your stone body is resilient. (AC +7)
You are immune to poison.
You resist negative energy. (rN+)
You are resistant to electric shocks. (rElec)
You can survive without breathing.
You are immune to petrification.
You are immune to rotting.


Message History

Snorg bites you but does no damage. Snorg claws you but does no damage.
Snorg barely misses you.
A red film seems to cover your vision as you go berserk!
You feel yourself moving faster!
You feel mighty!
You are near starving!
Snorg barely misses you. Snorg claws you but does no damage. x2
You closely miss Snorg.
Snorg is heavily wounded.
Snorg bites you but does no damage. Snorg claws you!
* * * LOW HITPOINT WARNING * * *
Snorg claws you but does no damage.
Your two-headed ogre is engulfed in a cloud of scalding steam.
Your two-headed ogre hits Snorg but does no damage.
Your two-headed ogre hits Snorg with a giant club!!
A hound comes into view.
The hound barks!
You barely miss Snorg.
Snorg is severely wounded.
Snorg bites you!
You die...

......[...........
................##...##<
................##...##.
...}................#..
...................#..
#......##....##...#..
####......###(####...#>.
......O†..#.h...##...##.
......T@§.'.....##...##.
......§.§.#..(.......##.
..#....§..##....##...###
#.......##.(..## ..
#.########.....# . ##
#..)...# #......#
#......# ..##.
#......#......


You could see Snorg (berserk), a hound and a friendly two-headed ogre (berserk).

Vanquished Creatures
  The ghost of ahnwi the Geomancer, a novice GrEE of Hepliaklqana (D:9)
  An ice devil (D:9)
  A spriggan (D:8)
  8 yaks
  A hungry ghost (D:5)
  Menkaure (D:4)
  Duvessa (D:6)
  3 orc warriors
  4 sky beasts
  An ice beast (D:9)
  7 ogres
  A black bear (D:9)
  5 centaurs
  An eye of draining (D:9)
  A big kobold (D:8)
  Blork the orc (D:4)
  2 gnoll sergeants
  Dowan (D:6)
  9 killer bees
  A scorpion (D:9)
  5 crimson imps
  2 quasits
  A bullfrog zombie (D:9)
  A centaur zombie (D:9)
  A centaur skeleton (D:4)
  5 orc priests
  3 hounds
  An orc wizard (D:8)
  5 iguanas
  Natasha (thrice) (D:4)
  8 worker ants
  A hound zombie (D:8)
  A worker ant zombie (D:6)
  7 adders
  8 gnolls
  2 howler monkey skeletons
  2 shadow imps
  3 white imps (D:9)
  3 oozes
  An adder skeleton (D:4)
  2 adder zombies
  4 worms
  2 dart slugs (D:2)
  7 leopard geckos
  37 orcs
  8 bats
  2 giant cockroaches
  7 goblins
  7 hobgoblins
  10 jackals
  6 quokkas
  2 ball pythons (D:3)
  4 frilled lizards
  18 kobolds
  A quokka skeleton (D:6)
  5 rats
  A rat zombie (D:5)
237 creatures vanquished.

Vanquished Creatures (collateral kills)
  A steam dragon (D:10)
  An ice beast (D:9)
  A white imp (D:9)
3 creatures vanquished.

Grand Total: 240 creatures vanquished

Notes
Turn   | Place    | Note
-------+----------+-------------------------------------------
     0 | D:1      | Fang the Gargoyle Berserker began the quest for the Orb.
     0 | D:1      | Reached XP level 1. HP: 14/14 MP: 1/1
   115 | D:1      | Reached XP level 2. HP: 7/19 MP: 2/2
   385 | D:1      | Reached skill level 3 in Axes
   549 | D:1      | Reached XP level 3. HP: 22/24 MP: 3/3
  1065 | D:2      | Reached ** piety under Trog
  1261 | D:2      | Reached XP level 4. HP: 29/29 MP: 4/4
  1273 | D:2      | Found a glowing golden altar of the Shining One.
  1362 | D:2      | Found a shimmering altar of Xom.
  1432 | D:2      | Found a faded altar of an unknown god.
  1491 | D:2      | You fall through a shaft for 2 floors!
  1517 | D:4      | Reached skill level 4 in Axes
  1531 | D:4      | Noticed Menkaure
  1533 | D:4      | Found Buukahi's Jewellery Shoppe.
  1537 | D:4      | Killed Menkaure
  1537 | D:4      | Reached XP level 5. HP: 28/34 MP: 5/5
  1537 | D:4      | Reached XP level 6. HP: 32/39 MP: 6/6
  1643 | D:4      | Reached skill level 5 in Axes
  1800 | D:4      | Noticed Natasha
  1807 | D:4      | Killed Natasha
  1847 | D:4      | Noticed Natasha
  1850 | D:4      | Reached XP level 7. HP: 37/44 MP: 7/7
  1858 | D:4      | Killed Natasha
  1913 | D:4      | Reached skill level 5 in Fighting
  2007 | D:4      | Reached skill level 6 in Axes
  2108 | D:4      | Noticed Natasha
  2118 | D:4      | Killed Natasha
  2387 | D:4      | Found a staircase to the Ecumenical Temple.
  2436 | D:4      | Noticed Blork the orc
  2449 | D:4      | Killed Blork the orc
  2760 | D:3      | Reached *** piety under Trog
  3878 | D:5      | Entered Level 5 of the Dungeon
  4142 | D:5      | Found an ancient bone altar of Kikubaaqudgha.
  4158 | D:5      | Found a stormy altar of Qazlal.
  4269 | Temple   | Entered the Ecumenical Temple
  4333 | D:5      | Noticed a hungry ghost
  4342 | D:5      | Killed a hungry ghost
  4342 | D:5      | Reached XP level 8. HP: 48/50 MP: 8/8
  4383 | D:5      | Reached skill level 7 in Axes
  4398 | D:5      | Found a basalt altar of Yredelemnul.
  5017 | D:6      | Noticed Duvessa
  5019 | D:6      | Noticed Dowan
  5028 | D:6      | Killed Dowan
  5028 | D:6      | Received a gift from Trog
  5030 | D:6      | Killed Duvessa
  5072 | D:6      | Found a white marble altar of Elyvilon.
  5072 | D:6      | Found a bloodstained altar of Trog.
  5094 | D:6      | Found a radiant altar of Vehumet.
  5094 | D:6      | Found a snail-covered altar of Cheibriados.
  5341 | D:6      | Found an iron altar of Okawaru.
  5438 | D:7      | Reached skill level 8 in Axes
  5475 | D:7      | Reached skill level 5 in Armour
  5494 | D:7      | Reached XP level 9. HP: 47/56 MP: 9/9
  5651 | D:7      | Reached skill level 1 in Stealth
  5685 | D:7      | Found a shadowy altar of Dithmenos.
  5970 | D:7      | Reached skill level 9 in Axes
  6933 | D:8      | Reached **** piety under Trog
  7073 | D:8      | Reached skill level 10 in Axes
  7766 | D:9      | Found a runed gate.
  7766 | D:9      | Found a runed gate.
  7766 | D:9      | Found a runed gate.
  7778 | D:9      | Reached XP level 10. HP: 56/63 MP: 10/10
  7831 | D:9      | Noticed ahnwi's ghost (novice GrEE)
  8149 | D:9      | Reached ***** piety under Trog
  8546 | D:9      | Killed ahnwi's ghost
  8546 | D:9      | Reached skill level 11 in Axes
  8647 | D:9      | Got the ring "Ydghorph Zaage" {Fire}
  8655 | D:9      | Identified the ring "Ydghorph Zaage" {Fire +Fly rN+ Int+2}
                  | (You found it on level 9 of the Dungeon)
  8695 | D:10     | Entered Level 10 of the Dungeon
  8842 | D:10     | Found a white marble altar of Elyvilon.
  9248 | D:10     | Noticed Snorg
  9261 | D:10     | Slain by Snorg

Skill      XL: |  1  2  3  4  5  6  7  8  9 10 |
---------------+-------------------------------+-----
Axes           | 3 4 5 6 8 10 11 | 11.7
Dodging        | 2 |  2.8
Fighting       | 4 5 6 7 8 |  8.7
Armour         | 3 5 6 7 |  7.5
Stealth        | 1 |  1.2

Action                   |  1- 3 |  4- 6 |  7- 9 | 10-12 || total
-------------------------+-------+-------+-------+-------++-------
Melee: Hand axe          |   124 |   103 |    99 |       ||   326
       War axe           |       |       |   331 |   189 ||   520
Invok: Berserk           |       |     2 |     2 |     4 ||     8
       Brothers in Arms  |       |       |       |     3 ||     3
  Use: Potion            |       |       |       |     1 ||     1
  Eat: Chunk             |     1 |     3 |    15 |     4 ||    23
       Ration            |       |       |     3 |     1 ||     4
Armor: Animal skin       |    59 |       |       |       ||    59
       Plate armour      |    10 |    63 |   360 |   194 ||   627
Dodge: Dodged            |   102 |    33 |   204 |    81 ||   420
